 Dungeon Crawl Stone Soup version 0.28.0-53-g5a82cb258f (webtiles) character file.

Game seed: 11726581711612376557

7 Descartes the Sneak (level 2, -2/21 HPs)
             Began as an Octopode Delver on June 22, 2022.
             Slain by a scorpion (8 damage)
             ... on level 4 of the Dungeon.
             The game lasted 00:00:32 (159 turns).

Descartes the Sneak (Octopode Delver)                Turns: 159, Time: 00:00:33

Health: -2/21      AC:  1    Str: 11    XL:     2   Next: 4%
Magic:  2/2        EV: 13    Int: 12    God:
Gold:   15         SH:  0    Dex: 13    Spells: 1/1 levels left

rFire   . . .      SeeInvis .   a - +0 short sword
rCold   . . .      Faith    .   (no shield)
rNeg    . . .      Spirit   .   (helmet restricted)
rPois   .          Reflect  .   (no amulet)
rElec   .          Harm     .   (no ring)
rCorr   .          Rampage  .   (no ring)
Will    .....                   (no ring)
Stlth   ++++......              (no ring)
HPRegen 0.07/turn               (no ring)
MPRegen 0.08/turn               (no ring)
                                (no ring)
                                (no ring)

@: lethally poisoned (-2 -> -9)
A: almost no armour, amphibious, 8 rings, camouflage 1, gelatinous body 1,
(nimble swimmer 1), tentacles
a: no special abilities


You were on level 4 of the Dungeon.
You visited 1 branch of the dungeon, and saw 2 of its levels.

You collected 15 gold pieces.

Inventory:

Hand Weapons
 a - a +0 short sword (weapon)
Wands
 f - a wand of digging (3)
Scrolls
 b - a scroll of fog
 c - a scroll of magic mapping
 d - a scroll of fear
Potions
 e - a potion of haste


   Skills:
 - Level 3.0 Fighting
 + Level 2.2 Short Blades
 + Level 2.2 Dodging
 + Level 6.8 Stealth


You had one spell level left.
You didn't know any spells.
Your spell library was empty.

Dungeon Overview and Level Annotations

Branches:
Dungeon (5/15)
 Temple: D:4-7

Altars:
Qazlal


Innate Abilities, Weirdness & Mutations

You cannot wear most types of armour.
You are amphibious.
You can wear up to eight rings at the same time.
Your skin changes colour to match your surroundings (Stealth+).
Your rubbery body absorbs attacks. (AC +1, EV +1)
((You are camouflaged when in or above water. (Stealth+)))
You have tentacles for arms and can constrict up to eight enemies at once.


Message History

No target in view!
No target in view!
No target in view!
No target in view!
HP restored.
Found a leather armour.
Found a stormy altar of Qazlal.
A centaur zombie and an orc come into view.
There is an escape hatch in the ceiling here.
There is an open door here.
There is a stone staircase leading up here.
You climb upwards.
There is a stone staircase leading down here.
Found a chain mail.
No target in view!
An endoplasm comes into view.
An endoplasm is nearby!
The helpless endoplasm fails to defend itself.
You puncture the endoplasm!
You kill the endoplasm!
You have reached level 2!
Found a stone staircase leading down.
An ogre comes into view. It is wielding a +0 giant spiked club.
A scorpion and an adder come into view.
The adder hisses angrily.
A goblin comes into view. It is wielding a +0 club.
The scorpion stings you.
You hit the scorpion. Your grab misses the scorpion. You squeeze the scorpion.
The scorpion is moderately wounded.
The scorpion stings you.
You are poisoned.
The scorpion poisons you!
You hit the scorpion. You grab the scorpion.
The scorpion is heavily wounded.
You constrict the scorpion.
You feel very sick. The scorpion stings you.
* * * LOW HITPOINT WARNING * * *
The scorpion stings you!
You die...

###.#.. ....# .....
..#.# ##.####....
###.......>#
#...#......#
#####.#.#......#
#.....#.#......#
...O.#..#.#......###
.###
#.@#.####.....##
#s##.# #......#
#S#..# #......#
.g#.## #......#
#.##.#####......##
..#...............
..# .##[.........##
.# #.....####.# ..
#.....# .#


You could see a scorpion, an adder and a goblin.

Vanquished Creatures
  An adder skeleton (D:5)
  A dart slug (D:5)
  An endoplasm (D:4)
3 creatures vanquished.

Notes
Turn   | Place    | Note
-------+----------+-------------------------------------------
     0 | D:5      | Descartes the Octopode Delver began the quest for the Orb.
     0 | D:5      | Reached XP level 1. HP: 16/16 MP: 1/1
    66 | D:5      | Found a stormy altar of Qazlal.
   139 | D:4      | Reached XP level 2. HP: 21/21 MP: 2/2
   151 | D:4      | Noticed an ogre
   153 | D:4      | Noticed a scorpion
   159 | D:4      | Slain by a scorpion

Illustrated notes

Levels and vault maps discovered:
D:4:      minmay_evil_eye, layout_basic, fountainhead,
          kennysheep_generic_room_11, uniq_sigmund
D:5:      layout_basic, overflow_temple_1_default, uniq_ijyb

Action                   || total
-------------------------++-------
Melee: Short sword       ||     9
       Constrict         ||     3
       Tentacles         ||     2
 Stab: Distracted        ||     1
       Sleeping          ||     1
Armor: Skin              ||     2
Dodge: Dodged            ||     1
